 Dungeon Crawl Stone Soup version 0.30.1-1-g62c8e00024 (webtiles) character file.

Game seed: 2070445667993225866

1255 Anriel the Trooper (level 8, -2/67 HPs)
             Began as a Human Fighter on July 17, 2023.
             Slain by a boulder beetle (19 damage)
             ... on level 6 of the Dungeon.
             The game lasted 00:20:22 (3823 turns).

Anriel the Trooper (Human Fighter)                  Turns: 3823, Time: 00:20:23

Health: -2/67      AC:  7    Str: 17    XL:     8   Next: 80%
Magic:  8/8        EV:  9    Int:  8    God:
Gold:   313        SH: 15    Dex: 15    Spells: 7/7 levels left

rFire   . . .        a - +2 long sword
rCold   . . .        m - +0 kite shield
rNeg    . . .        o - +0 troll leather armour
rPois   .            (no helmet)
rElec   .            (no cloak)
rCorr   .            g - +0 pair of gloves
SInv    .            j - +0 pair of boots
Will    .....        k - amulet of reflection
Stlth   +            (no ring)
HPRegen 1.11/turn    (no ring)
MPRegen 0.11/turn

%: reflection
@: mighty, about to teleport, studying Fighting
A: no striking features
a: no special abilities


You were on level 6 of the Dungeon.
You visited 1 branch of the dungeon, and saw 6 of its levels.

You collected 313 gold pieces.

Inventory:

Hand Weapons
 a - a +2 long sword (weapon)
 q - a +2 sling of draining
Missiles
 b - 4 javelins (quivered)
 x - a throwing net
Armour
 g - a +0 pair of gloves (worn)
 j - a +0 pair of boots (worn)
 m - a +0 kite shield (worn)
 o - a +0 troll leather armour (worn)
 v - a +0 chain mail
Jewellery
 k - an amulet of reflection (around neck)
Wands
 w - a wand of flame (17)
Scrolls
 i - 2 scrolls of teleportation
 s - a scroll of poison
 y - a scroll of torment {unknown}
Potions
 c - 2 potions of curing
 d - 2 potions of might
 e - 2 potions of invisibility {unknown}
 f - 2 potions of flight
 h - a potion of heal wounds
 l - 2 potions of degeneration {unknown}
 n - a potion of cancellation {unknown}
 p - 2 potions of lignification
 r - a potion of attraction {unknown}
 t - a potion of haste {unknown}
 u - a potion of mutation {unknown}


   Skills:
 - Level 7.0 Fighting
 - Level 5.1 Long Blades
 + Level 2.1 Ranged Weapons
 * Level 5.5 Armour
 * Level 5.8 Shields


You had 7 spell levels left.
You didn't know any spells.
Your spell library contained the following spells:

 Spells                   Type           Power      Damage    Failure   Level
 Summon Small Mammal      Summ           0%         N/A       78%         1
 Poisonous Vapours        Pois/Air       0%         N/A       89%         2
 Call Canine Familiar     Summ           0%         N/A       98%         3
 Mephitic Cloud           Conj/Pois/Air  0%         N/A       98%         3
 Summon Guardian Golem    Hex/Summ       0%         N/A       98%         3
 Freezing Cloud           Conj/Ice/Air   0%         6-21      100%        5


Dungeon Overview and Level Annotations

Branches:
Dungeon (6/15)
 Temple: D:4-7

Altars:
Qazlal
Sif Muna


Message History

You feel sick. The manticore bites you. The manticore claws you. x2
* * * LOW HITPOINT WARNING * * *
A boulder beetle comes into view.
You feel better. You block the manticore's attack.
The manticore claws you but does no damage.
The manticore claws you!
* * * LOW HITPOINT WARNING * * *
You feel much better. You block the boulder beetle's attack.
The manticore bites you.
The manticore claws you but does no damage.
The manticore claws you! What are your orders? t - Shout!
Orders for allies: a - Attack new target. r - Retreat! s - Stop attacking. g - Guard the area. f - Follow me.
Anything else - Cancel.
Okay, then.
As you read the scroll of teleportation, it crumbles to dust.
You feel strangely unstable. You block the boulder beetle's attack.
The manticore bites you! You block the manticore's attack.
The manticore claws you!
* * * LOW HITPOINT WARNING * * *
The boulder beetle curls into a ball and begins rolling!
You block the manticore's attack.
The manticore claws you but does no damage.
The manticore closely misses you. The manticore attacks as you move away!
You block the manticore's attack. The manticore claws you.
* * * LOW HITPOINT WARNING * * *
You block the manticore's attack.
The manticore flicks its tail.
You block volley of spikes... and reflect it back!
The volley of spikes hits the manticore!
You kill the manticore!
Your Ranged Weapons skill gained 2 levels and is now at level 2!
Your Armour skill increases to level 5!
The boulder beetle attacks as you move away!
The boulder beetle hits you!!
You die...

................# #
#.##.#........#... #.
#.#...[.........#
.##.#.#...........#
...............>..##
#.#..............#
...###................#
#................s...#
######........@B°#§§§#
#..†.....####§....#
##...........§§..##
#.<...(####....#D#
#......# #...## D#
#......# #.(#. H#
######## #..#. . #..#.#


You could see a boulder beetle (rolling) and a scorpion.

Vanquished Creatures
  A manticore (D:6)
  A steam dragon (D:6)
  Edmund (D:5)
  A sky beast (D:3)
  A black bear (D:5)
  A gnoll sergeant (D:5)
  An orc priest (D:4)
  2 hounds
  2 jellies
  Jessica (D:3)
  An orc wizard (D:4)
  5 gnolls (D:5)
  7 adders
  A white imp (D:5)
  A dart slug (D:2)
  4 orcs
  10 ball pythons
  3 endoplasms
  3 giant cockroaches
  3 hobgoblins
  4 jackals (D:2)
  5 kobolds
  2 quokkas
  3 bats (D:1)
  A frilled lizard (D:1)
  6 goblins
  4 rats
75 creatures vanquished.

Notes
Turn   | Place    | Note
-------+----------+-------------------------------------------
     0 | D:1      | Anriel the Human Fighter began the quest for the Orb.
     0 | D:1      | Reached XP level 1. HP: 18/18 MP: 1/1
   200 | D:1      | Reached XP level 2. HP: 24/24 MP: 2/2
   789 | D:2      | Reached XP level 3. HP: 24/29 MP: 3/3
  1149 | D:2      | Reached XP level 4. HP: 34/37 MP: 4/4
  1515 | D:2      | Identified a scroll of acquirement
  1515 | D:2      | Acquired a manual of Fighting
  1571 | D:3      | Reached skill level 4 in Fighting
  1739 | D:3      | Noticed Jessica
  1754 | D:3      | Killed Jessica
  1755 | D:3      | Reached XP level 5. HP: 43/43 MP: 5/5
  1856 | D:3      | Reached skill level 5 in Fighting
  1866 | D:3      | Noticed a sky beast
  1878 | D:3      | Killed a sky beast
  1879 | D:3      | Reached XP level 6. HP: 51/52 MP: 6/6
  2198 | D:4      | Reached skill level 6 in Fighting
  2409 | D:4      | Found a shimmering blue altar of Sif Muna.
  2442 | D:4      | Found a stormy altar of Qazlal.
  2871 | D:5      | Entered Level 5 of the Dungeon
  2934 | D:5      | Noticed Edmund
  2967 | D:5      | Reached XP level 7. HP: 49/58 MP: 7/7
  2989 | D:5      | Killed Edmund
  3378 | D:5      | Reached skill level 5 in Long Blades
  3774 | D:6      | Reached skill level 7 in Fighting
  3774 | D:6      | Reached XP level 8. HP: 67/67 MP: 8/8
  3796 | D:6      | Noticed a manticore
  3811 | D:6      | Reached skill level 5 in Shields
  3818 | D:6      | Noticed a boulder beetle
  3822 | D:6      | Killed a manticore
  3823 | D:6      | Reached skill level 5 in Armour
  3823 | D:6      | Slain by a boulder beetle

Illustrated notes

Levels and vault maps discovered:
D:1:      dpeg_arrival_rooms_b, layout_loops_ring, chequers_decorated_corner
D:2:      layout_basic
D:3:      layout_rooms, chequers_serial_rivers_marsh, uniq_jessica
D:4:      layout_loops_ring, mainiacjoe_overflow_two_lobes,
          chequers_serial_rivers_marsh
D:5:      layout_cave_pools, serial_co_window_serial,
          co_window_of_opportunity_a, co_window_corner_a, co_window_cross_1,
          co_window_corner_a, co_window_corner_a, co_window_of_opportunity_c,
          co_window_cross_2, co_window_broadway_c, co_window_unsneaky_path_d,
          co_window_corner_b, co_window_of_opportunity_b, co_window_paths_d,
          glass_columns_a, glass_columns_a, glass_columns_b, glass_columns_a,
          uniq_edmund
D:6:      layout_rooms, gup_sewer_entry_bubbles, serial_shops, shop, shop,
          minmay_manual_mail

Skill      XL: |  1  2  3  4  5  6  7  8 |
---------------+-------------------------+-----
Long Blades    | 3 4 5 |  5.1
Fighting       | 4 5 6 7 |  7.0
Armour         | 4 5 |  5.5
Shields        | 4 5 |  5.8
Ranged Weapons | 2 |  2.1

Action                     |  1- 3 |  4- 6 |  7- 9 || total
---------------------------+-------+-------+-------++-------
  Melee: Long sword        |    67 |   131 |    53 ||   251
    Use: Scroll            |       |    14 |     1 ||    15
         Potion            |       |     1 |     4 ||     5
   Stab: Sleeping          |       |     2 |       ||     2
 Armour: Scale mail        |    35 |    22 |       ||    57
         Troll leather arm |       |    27 |    19 ||    46
  Dodge: Dodged            |    37 |    44 |    25 ||   106
  Block: Buckler           |    24 |    11 |       ||    35
         Kite shield       |       |    50 |    67 ||   117
         Reflection        |       |     1 |     1 ||     2
